 Dungeon Crawl Stone Soup version 0.26.1-11-gd32895ea62 (webtiles) character file.

Game seed: 17082594326295788861

1238 ubername the Stinger (level 8, -5/54 HPs)
             Began as a Barachi Venom Mage on July 7, 2021.
             Was a Follower of Sif Muna.
             Slain by a water moccasin (7 damage)
             ... on level 6 of the Dungeon.
             The game lasted 00:17:44 (7142 turns).

ubername the Stinger (Barachi Venom Mage)           Turns: 7142, Time: 00:17:45

Health: -5/54      AC:  6    Str: 11    XL:     8   Next: 49%
Magic:  25/25      EV: 13    Int: 17    God:    Sif Muna [*.....]
Gold:   404        SH:  0    Dex: 12    Spells: 12/18 levels left

rFire    . . .     SeeInvis +   b - +2 dagger (venom)
rCold    . . .     Faith    .   (no shield)
rNeg     . . .     Spirit   .   x - +1 robe
rPois    .         Reflect  .   (no helmet)
rElec    .         Harm     .   p - +0 cloak
rCorr    .         Rampage  .   (no gloves)
Will     .....                  w - +1 pair of boots
Stlth    ++........             (no amulet)
HPRegen  0.18/turn              r - ring of see invisible
MPRegen  0.19/turn              d - ring of magical power

@: lethally poisoned (-5 -> -21), slow
A: +LOS, swims, slowness 1, strong legs 1
a: Hop, Renounce Religion, Channel Magic


You were on level 6 of the Dungeon.
You worshipped Sif Muna.
Sif Muna was aware of your devotion.
You visited 1 branch of the dungeon, and saw 6 of its levels.

You collected 404 gold pieces.

Inventory:

Hand Weapons
 a - a +2 dagger of flaming
 b - a +2 dagger of venom (weapon)
 q - a +0 hunting sling
Missiles
 f - 20 poisoned darts
 g - 64 sling bullets
 n - 149 stones
 z - 2 boomerangs
Armour
 p - a +0 cloak (worn)
 w - a +1 pair of boots (worn)
 x - a +1 robe (worn)
Jewellery
 d - a ring of magical power (right hand)
 e - an uncursed ring of positive energy
 r - a ring of see invisible (left hand)
 u - an uncursed amulet of magic regeneration
 v - an uncursed ring of positive energy
 A - an uncursed ring of fire {unknown}
Wands
 l - a wand of random effects (20)
Scrolls
 c - 3 scrolls of magic mapping
 h - 2 scrolls of identify
 j - 2 scrolls of remove curse
Potions
 i - a potion of brilliance {unknown}
 m - a potion of flight {unknown}
 o - 2 potions of berserk rage {unknown}
 t - a potion of might {unknown}


   Skills:
 + Level 1.0 Fighting
 + Level 2.3 Short Blades
 + Level 3.1 Dodging
 + Level 3.3 Stealth
 + Level 5.7 Spellcasting
 + Level 0.9 Conjurations
 + Level 1.9 Transmutations
 + Level 4.4 Air Magic
 + Level 6.5 Poison Magic


You had 12 spell levels left.
You knew the following spells:

 Your Spells              Type           Power        Failure   Level
a - Sting                 Tmut/Pois      76%          2%          1
b - Poisonous Vapours     Pois/Air       46%          1%          2
c - Mephitic Cloud        Conj/Pois/Air  18%          8%          3

Your spell library contained the following spells:

 Spells                   Type           Power        Failure   Level
 Olgreb's Toxic Radiance  Pois           27%          9%          4
 Ignite Poison            Fire/Tmut/Pois 14%          12%         3
 Animate Skeleton         Necr           8%           13%         1
 Pain                     Necr           16%          13%         1
 Vampiric Draining        Necr           2%           36%         3
 Animate Dead             Necr           2%           78%         4
 Agony                    Necr           4%           98%         5


Dungeon Overview and Level Annotations

Branches:
Dungeon (6/15)             Temple (0/1) D:4

Altars:
Cheibriados
Fedhas
Kikubaaqudgha
Nemelex Xobeh
Ru
Sif Muna
Uskayaw
Wu Jian
Zin

Shops:
D:4 (

Annotations:
D:4 2 transporters, vvl's ghost, amateur DrTm


Innate Abilities, Weirdness & Mutations

You can be seen from farther away. (+LOS)
You can swim through water.
You cover ground slowly.
You can hop short distances.


Message History

A water moccasin is nearby!
You feel sick. The water moccasin bites you.
You miss the water moccasin.
The water moccasin is moderately wounded.
You feel sick. The water moccasin bites you.
* * * LOW HITPOINT WARNING * * *
You hit the water moccasin but do no damage.
The water moccasin is moderately wounded.
* * * LOW HITPOINT WARNING * * *
You feel sick. The water moccasin closely misses you.
You feel magically purged.
* * * LOW HITPOINT WARNING * * *
You feel sick. The water moccasin bites you!
* * * LOW HITPOINT WARNING * * *
The water moccasin bites you but does no damage.
You miss the water moccasin.
The water moccasin is heavily wounded.
* * * LOW HITPOINT WARNING * * *
You feel sick. The water moccasin bites you!
You die...

#. #.# #. #.# #.
#.# #. #.# #.####.
####.####
#......##
#.......# #.#.#
#.......# #S##
#.......# #@#
#........ #.#
#.......# #.#
######.......#
#.###.............
#.....############
#...### # ###.# #
#.# ## #.# #.


You could see a water moccasin (very poisoned).

Vanquished Creatures
  Sigmund (D:3)
  An ice beast (D:5)
  2 ogres
  2 scorpions
  8 orc wizards
  2 hounds (D:4)
  An orc priest (D:5)
  Natasha (thrice) (D:2)
  An iguana (D:5)
  A worker ant (D:4)
  A hound skeleton (D:4)
  7 gnolls
  10 adders
  A shadow imp (D:5)
  A white imp (D:5)
  4 worms
  3 dart slugs
  5 leopard geckos
  17 orcs
  4 ball pythons
  3 giant cockroaches
  5 hobgoblins
  2 quokkas
  10 bats
  7 frilled lizards
  10 goblins
  5 kobolds
  A leopard gecko skeleton (D:4)
  3 rats
121 creatures vanquished.

Notes
Turn   | Place    | Note
-------+----------+-------------------------------------------
     0 | D:1      | ubername the Barachi Venom Mage began the quest for the
                  | Orb.
     0 | D:1      | Reached XP level 1. HP: 13/13 MP: 3/3
   213 | D:1      | Reached XP level 2. HP: 19/19 MP: 1/5
   326 | D:1      | Learned a level 2 spell: Poisonous Vapours
   777 | D:1      | Reached XP level 3. HP: 19/24 MP: 0/7
   781 | D:1      | Learned a level 3 spell: Mephitic Cloud
  1097 | D:1      | Reached skill level 4 in Poison Magic
  1750 | D:2      | Found an ornate altar of the Wu Jian Council.
  1988 | D:2      | Reached XP level 4. HP: 29/30 MP: 2/8
  2045 | D:2      | Found a snail-covered altar of Cheibriados.
  2100 | D:2      | Found an ancient bone altar of Kikubaaqudgha.
  2215 | D:2      | Found a sparkling altar of Nemelex Xobeh.
  2215 | D:2      | Found a glowing silver altar of Zin.
  2268 | D:2      | Found a shimmering blue altar of Sif Muna.
  2271 | D:2      | Became a worshipper of Sif Muna the Loreminder
  2286 | D:2      | Noticed Natasha
  2292 | D:2      | Killed Natasha
  2305 | D:2      | Noticed Natasha
  2307 | D:2      | Killed Natasha
  2308 | D:2      | Reached skill level 1 in Air Magic
  2308 | D:2      | Reached XP level 5. HP: 35/35 MP: 3/10
  2587 | D:2      | Noticed Natasha
  2593 | D:2      | Killed Natasha
  3068 | D:3      | Noticed Sigmund
  3080 | D:3      | Killed Sigmund
  3081 | D:3      | Reached skill level 5 in Poison Magic
  3081 | D:3      | Reached XP level 6. HP: 19/42 MP: 1/12
  3442 | D:3      | Reached skill level 1 in Short Blades
  3713 | D:3      | Found a hide-covered altar of Uskayaw.
  3785 | D:3      | Reached XP level 7. HP: 33/47 MP: 3/13
  4037 | D:3      | Reached * piety under Sif Muna
  4416 | D:4      | Found a transporter.
  4416 | D:4      | Noticed vvl's ghost (amateur DrTm)
  4418 | D:4      | Identified the cursed +1 great mace of Infection {vorpal,
                  | rC+}
  4438 | D:4      | Found a staircase to the Ecumenical Temple.
  4738 | D:4      | Reached skill level 5 in Spellcasting
  5127 | D:4      | Found a transporter.
  5428 | D:4      | Found a sacrificial altar of Ru.
  5440 | D:4      | Found a blossoming altar of Fedhas.
  5462 | D:4      | Reached XP level 8. HP: 44/53 MP: 16/16
  5613 | D:4      | Found Meusauze's Weapon Shoppe.
  5748 | D:5      | Entered Level 5 of the Dungeon
  5749 | D:5      | Found a sparkling altar of Nemelex Xobeh.
  5786 | D:5      | Reached skill level 6 in Poison Magic
  6728 | D:5      | Reached ** piety under Sif Muna
  6990 | D:6      | Reached skill level 1 in Fighting
  7142 | D:6      | HP: 2/54 [poisoned by a water moccasin]
  7142 | D:6      | Slain by a water moccasin

Illustrated notes

Levels and vault maps discovered:
D:1:      saegor_arrival_simple_d, layout_basic, chequers_serial_rivers_micro_b
D:2:      layout_loops_ring, general_overflow_altar, lemuel_blue_sif_altar,
          cheibriados_altar_1, gammafunk_temple_overflow_elements,
          lemuel_altar_in_water, uniq_natasha
D:3:      layout_loops_ring, lemuel_round_altar, uniq_sigmund
D:4:      layout_loops_ring, grunt_temple_overflow_open,
          minmay_temple_entry_butterflies, serial_shops, kennysheep_mini,
          gammafunk_ghost_smash, chequers_serial_rivers_marsh
D:5:      layout_basic, lemuel_altar_in_water2
D:6:      layout_loops_ring, elyvilon_altar_3, serial_shops, shop, uniq_pikel

Skill      XL: |  1  2  3  4  5  6  7  8 |
---------------+-------------------------+-----
Stealth        | 2 3 |  3.3
Poison Magic   | 4 5 6 |  6.5
Spellcasting   | 3 4 5 |  5.7
Air Magic      | 1 2 3 4 |  4.4
Short Blades   | 1 2 |  2.3
Dodging        | 3 |  3.1
Fighting       | 1 |  1.0
Conjurations   | |  0.9
Transmutations | |  1.9

Action                   |  1- 3 |  4- 6 |  7- 9 || total
-------------------------+-------+-------+-------++-------
Melee: Dagger            |    35 |    44 |   112 ||   191
       Unarmed           |     1 |       |       ||     1
 Cast: Sting             |    11 |     3 |     5 ||    19
       Poisonous Vapours |    23 |    47 |    49 ||   119
       Mephitic Cloud    |       |     5 |    11 ||    16
  Use: Potion            |     3 |       |     1 ||     4
       Scroll            |     2 |       |     9 ||    11
 Stab: Confused          |       |       |     2 ||     2
       Sleeping          |       |       |     1 ||     1
Armor: Robe              |    21 |     3 |    27 ||    51
Dodge: Dodged            |    41 |    33 |    72 ||   146
